 Dungeon Crawl Stone Soup version 0.26-a0-224-g2964c8cf50 (webtiles) character file.

Game seed: 2089468007549378147

152 dobroeutro the Cudgeler (level 5, -5/32 HPs)
             Began as a Gargoyle Fighter on July 6, 2020.
             Slain by an ogre
             ... wielding a +0 giant club
              (11 damage)
             ... on level 4 of the Dungeon.
             The game lasted 00:02:15 (2529 turns).

dobroeutro the Cudgeler (Gargoyle Fighter)          Turns: 2529, Time: 00:02:15

Health: -5/32      AC: 10    Str: 20    XL:     5   Next: 34%
Magic:  5/5        EV:  7    Int:  9    God:
Gold:   103        SH:  9    Dex:  9    Spells: 4/4 levels left

rFire    . . .     SeeInvis +   a - +0 flail
rCold    . . .     Faith    .   c - +0 kite shield
rNeg     + . .     Spirit   .   b - +0 scale mail
rPois    ∞         Reflect  .   (no helmet)
rElec    +         Harm     .   (no cloak)
rCorr    .                      (no gloves)
MR       .....                  (no boots)
Stlth    ..........             (no amulet)
HPRegen  0.10/turn              s - ring of wizardry
MPRegen  0.09/turn              o - ring of see invisible

@: mighty
A: negative energy resistance 1, electricity resistance, unbreathing,
petrification resistance, rot immunity, AC +4
a: no special abilities


You were on level 4 of the Dungeon.
You were not hungry.

You visited 1 branch of the dungeon, and saw 4 of its levels.

You collected 103 gold pieces.

Inventory:

Hand Weapons
 a - a +0 flail (weapon)
Armour
 b - a +0 scale mail (worn)
 c - a +0 kite shield (worn)
Jewellery
 o - a ring of see invisible (right hand)
 s - a ring of wizardry (left hand)
Scrolls
 e - 4 scrolls of identify {unknown}
 g - 2 scrolls of remove curse {unknown}
 q - a scroll of teleportation {unknown}
 t - a scroll of amnesia {unknown}
Potions
 h - a potion of magic {unknown}
 i - a potion of curing {unknown}
 j - a potion of flight {unknown}
 k - a potion of cancellation {unknown}
 l - a potion of brilliance {unknown}
 m - a potion of haste {unknown}
 n - a potion of invisibility {unknown}
 p - a potion of resistance {unknown}
 r - a potion of berserk rage {unknown}
Comestibles
 f - 9 rations


   Skills:
 - Level 3.2 Fighting
 + Level 5.4 Maces & Flails
 - Level 3.2 Armour
 - Level 3.2 Shields


You had 4 spell levels left.
You didn't know any spells.
Your spell library was empty.

Dungeon Overview and Level Annotations

Branches:
Dungeon (4/15)
 Temple: D:4-7

Altars:
Gozag
Hepliaklqana
Kikubaaqudgha
Wu Jian


Innate Abilities, Weirdness & Mutations

You are resistant to torment.
Your stone body is resilient. (AC +4)
You are immune to poison.
You resist negative energy. (rN+)
You are resistant to electric shocks. (rElec)
You can survive without breathing.
You are immune to petrification.
You are immune to rotting.


Message History

An ogre comes into view. It is wielding a +0 giant club.
The ogre shouts!
You feel very mighty all of a sudden.
You completely miss the ogre. The ogre hits you with a +0 giant club.
You sock the ogre!
The ogre is heavily wounded.
The ogre hits you with a +0 giant club!!
Ouch! That really hurt!
* * * LOW HITPOINT WARNING * * *
You are too injured to fight recklessly!
You are too injured to fight recklessly!
You are too injured to fight recklessly!
You are too injured to fight recklessly!
You barely miss the ogre.
The ogre is heavily wounded.
You block the ogre's attack.
You barely miss the ogre.
The ogre is heavily wounded.
The ogre hits you with a +0 giant club!
You die...

... .####....
..#...#....
#.##.......
#†#)....###
#.........# .
#.......##.(.
#..........#
#...#.?#####
########..###.@O#
#....#.....#.......#
#.............##......
###....##..###.##
#..... ..........##
.... .....
.#..#......#......
.... #.####........ ..
... #..# #....##.. ...
##.. ##.....#


You could see an ogre.

Vanquished Creatures
  A hound (D:4)
  4 adders
  2 worms (D:2)
  4 orcs
  6 bats
  3 giant cockroaches
  2 goblins (D:1)
  5 hobgoblins
  12 jackals
  A ball python (D:2)
  7 frilled lizards
  4 kobolds
  6 rats
57 creatures vanquished.

Vanquished Creatures (others)
  An orc wizard (D:4)
1 creature vanquished.

Grand Total: 58 creatures vanquished

Notes
Turn   | Place    | Note
-------+----------+-------------------------------------------
     0 | D:1      | dobroeutro the Gargoyle Fighter began the quest for the
                  | Orb.
     0 | D:1      | Reached XP level 1. HP: 14/14 MP: 1/1
   144 | D:1      | Reached XP level 2. HP: 19/19 MP: 2/2
   229 | D:1      | Reached skill level 3 in Maces & Flails
   493 | D:1      | Reached XP level 3. HP: 23/23 MP: 3/3
  1206 | D:2      | Reached skill level 4 in Maces & Flails
  1212 | D:2      | Reached XP level 4. HP: 28/28 MP: 4/4
  1230 | D:2      | Found an opulent altar of Gozag.
  1843 | D:3      | Found a hazy altar of Hepliaklqana.
  1917 | D:3      | Found an ornate altar of the Wu Jian Council.
  1948 | D:3      | Found an opulent altar of Gozag.
  2110 | D:3      | Found an ancient bone altar of Kikubaaqudgha.
  2257 | D:4      | Reached skill level 5 in Maces & Flails
  2257 | D:4      | Reached XP level 5. HP: 30/32 MP: 5/5
  2522 | D:4      | Noticed an ogre
  2529 | D:4      | Slain by an ogre

Illustrated notes

Levels and vault maps discovered:
D:1:      dpeg_arrival_simpleton_c, layout_basic, minivault_11
D:2:      layout_basic, first_ration, grunt_gozag_statues
D:3:      layout_rooms, nicolae_overflow_hidden_temple, lemuel_doored_altar,
          nicolae_overflow_crystal_walls, old_standard_altar
D:4:      layout_cave_pools, gammafunk_ghost_necromancy, serial_shops,
          nicolae_shop_stone

Skill      XL: |  1  2  3  4 |
---------------+-------------+-----
Maces & Flails | 3 4 5 |  5.4
Fighting       | |  3.2
Armour         | |  3.2
Shields        | |  3.2

Action                   |  1- 3 |  4- 6 || total
-------------------------+-------+-------++-------
Melee: Flail             |   130 |   137 ||   267
  Use: Potion            |       |     1 ||     1
  Eat: Ration            |     1 |     1 ||     2
Armor: Scale mail        |    83 |    68 ||   151
Dodge: Dodged            |    59 |    38 ||    97
Block: Kite shield       |    84 |    75 ||   159

Table legend:
 A = Non-vault XP
 B = Vault XP
 C = Vault XP percentage of total XP
 D = Non-vault monster count
 E = Vault monster count
 F = Vault count percentage of total count
                 A         B        C        D         E       F
            +---------+---------+-------+---------+---------+-------
      Total |     218 |       0 |   0.0 |      58 |       0 |   0.0
            +---------+---------+-------+---------+---------+-------
        D:1 |      34 |       0 |   0.0 |      20 |       0 |   0.0
        D:2 |      67 |       0 |   0.0 |      23 |       0 |   0.0
        D:3 |      29 |       0 |   0.0 |      10 |       0 |   0.0
        D:4 |      88 |       0 |   0.0 |       5 |       0 |   0.0
            +---------+---------+-------+---------+---------+-------
